| TOP OF THE 1ST |
|
Scranton WB RailRiders batting - Pitching for Buffalo Bisons : RHP Edward Saunders
|
|
Pitching: RHP Edward Saunders
|
|
|
Batting: RHB Devon Utley
|
0-0: Called Strike 0-1: Ground out 5-3 (Groundball, 56, EV 91.9 MPH)
|
|
Batting: SHB Jay Gagnon
|
0-0: Ball 1-0: Ball 2-0: Called Strike 2-1: Ball 3-1: Swinging Strike 3-2: Base on Balls
|
|
Batting: SHB Victor Ruiz
|
0-0: Called Strike Jay Gagnon is caught stealing 2nd base 2-6 0-1: SINGLE (Flyball, 9LS, EV 94.4 MPH)
|
|
Batting: SHB Ryan Buchbinder
|
0-0: Ball 1-0: Called Strike 1-1: Foul Ball, location: 2F 1-2: Ball 2-2: Ground out 1-3 (Groundball, 15S, EV 70.0 MPH)
|
| Top of the 1st over - 0 runs, 1 hit, 0 errors, 1 left on base; Scranton WB 0 - Buffalo 0 |
| BOTTOM OF THE 1ST |
|
Buffalo Bisons batting - Pitching for Scranton WB RailRiders : LHP Omar Quinones
|
|
Pitching: LHP Omar Quinones
|
|
|
Batting: RHB Väinö Tapaninen
|
0-0: Ball 1-0: Swinging Strike 1-1: Foul Ball, location: 2F 1-2: Ball 2-2: Strikes out swinging
|
|
Batting: RHB Danny Eberhart
|
0-0: Swinging Strike 0-1: Foul Ball, location: 2F 0-2: Strikes out swinging
|
|
Batting: RHB Bill Murray
|
0-0: Foul Ball, location: 2F 0-1: Called Strike 0-2: Ball 1-2: Ball 2-2: Strikes out swinging
|
| Bottom of the 1st over - 0 runs, 0 hits, 0 errors, 0 left on base; Scranton WB 0 - Buffalo 0 |
| TOP OF THE 2ND |
|
Scranton WB RailRiders batting - Pitching for Buffalo Bisons : RHP Edward Saunders
|
|
Batting: RHB Eric Davis
|
0-0: Ball 1-0: Swinging Strike 1-1: Ball 2-1: Called Strike 2-2: Ball 3-2: Strikes out swinging, 2-3 out at first.
|
|
Batting: LHB Aaron Joyner
|
0-0: Foul Ball, location: 2F 0-1: Foul Ball, location: 2F 0-2: Ball 1-2: Ball 2-2: Foul Ball, location: 2F 2-2: Strikes out looking
|
|
Batting: RHB Mike Gifford
|
0-0: Foul Ball, location: 2F 0-1: Foul Ball, location: 2F 0-2: Ball 1-2: Strikes out looking
|
| Top of the 2nd over - 0 runs, 0 hits, 0 errors, 0 left on base; Scranton WB 0 - Buffalo 0 |
| BOTTOM OF THE 2ND |
|
Buffalo Bisons batting - Pitching for Scranton WB RailRiders : LHP Omar Quinones
|
|
Batting: RHB Chris Pounds
|
0-0: Called Strike 0-1: Ball 1-1: Ball 2-1: Foul Ball, location: 2F 2-2: Ground out U3 (Groundball, 13, EV 89.4 MPH)
|
|
Batting: RHB Zhi-bin Ou-yang
|
0-0: Called Strike 0-1: Fly out, F7 (Line Drive, 7, EV 107.5 MPH)
|
|
Batting: LHB Isto Mäyrä
|
0-0: Called Strike 0-1: Ball 1-1: Foul Ball, location: 2F 1-2: Ball 2-2: Foul Ball, location: 2F 2-2: Fly out, F8 (Line Drive, 89M, EV 96.2 MPH)
|
| Bottom of the 2nd over - 0 runs, 0 hits, 0 errors, 0 left on base; Scranton WB 0 - Buffalo 0 |
| TOP OF THE 3RD |
|
Scranton WB RailRiders batting - Pitching for Buffalo Bisons : RHP Edward Saunders
|
|
Batting: SHB Jose Vargas
|
0-0: Foul Ball, location: 2F 0-1: Called Strike 0-2: Foul Ball, location: 2F 0-2: Strikes out swinging
|
|
Batting: RHB Mike Plugge
|
0-0: Ball 1-0: Ball 2-0: SINGLE (Line Drive, 56D, EV 98.1 MPH)
|
|
Batting: RHB Devon Utley
|
0-0: Called Strike 0-1: Ball 1-1: Ground out 5-3 (Groundball, 5D, EV 106.2 MPH) Mike Plugge to second
|
|
Batting: SHB Jay Gagnon
|
0-0: Called Strike 0-1: Swinging Strike 0-2: Ball 1-2: Foul Ball, location: 2F 1-2: Foul Ball, location: 2F 1-2: Ball 2-2: Strikes out swinging
|
| Top of the 3rd over - 0 runs, 1 hit, 0 errors, 1 left on base; Scranton WB 0 - Buffalo 0 |
| BOTTOM OF THE 3RD |
|
Buffalo Bisons batting - Pitching for Scranton WB RailRiders : LHP Omar Quinones
|
|
Batting: RHB Bobby Lasaguna
|
0-0: Called Strike 0-1: Called Strike 0-2: Ball 1-2: Ground out 6-3 (Groundball, 6, EV 100.6 MPH)
|
|
Batting: LHB Jack Bell
|
0-0: Swinging Strike 0-1: Ball 1-1: Fly out, F7 (Flyball, 7D, EV 100.0 MPH)
|
|
Batting: RHB Jamie Ogilvie
|
0-0: Foul Ball, location: 2F 0-1: Ball 1-1: Called Strike 1-2: Ground out U3 (Groundball, 3, EV 86.2 MPH)
|
| Bottom of the 3rd over - 0 runs, 0 hits, 0 errors, 0 left on base; Scranton WB 0 - Buffalo 0 |
| TOP OF THE 4TH |
|
Scranton WB RailRiders batting - Pitching for Buffalo Bisons : RHP Edward Saunders
|
|
Batting: SHB Victor Ruiz
|
0-0: Ball 1-0: Swinging Strike 1-1: Foul Ball, location: 2F 1-2: Ball 2-2: Ball 3-2: Base on Balls
|
|
Batting: SHB Ryan Buchbinder
|
0-0: Called Strike 0-1: Ground out 5-3 (Groundball, 56S, EV 66.9 MPH) Victor Ruiz to second
|
|
Batting: RHB Eric Davis
|
0-0: Ball 1-0: Ball 2-0: Called Strike 2-1: Ball 3-1: Ground out 6-3 (Groundball, 6, EV 101.9 MPH)
|
|
Batting: LHB Aaron Joyner
|
0-0: Called Strike 0-1: Foul Ball, location: 2F 0-2: Ball 1-2: Ball 2-2: Ball 3-2: SINGLE (Line Drive, 34D, EV 99.4 MPH) Victor Ruiz to third Runner from 3rd tries for Home, throw by RF and OUT! 9-2
|
| Top of the 4th over - 0 runs, 1 hit, 0 errors, 1 left on base; Scranton WB 0 - Buffalo 0 |
| BOTTOM OF THE 4TH |
|
Buffalo Bisons batting - Pitching for Scranton WB RailRiders : LHP Omar Quinones
|
|
Batting: RHB Väinö Tapaninen
|
0-0: Ball 1-0: Called Strike 1-1: DOUBLE (Line Drive, 89D, EV 107.5 MPH)
|
|
Batting: RHB Danny Eberhart
|
0-0: Ball 1-0: SINGLE (Line Drive, 89S, EV 98.1 MPH) Väinö Tapaninen to third
|
|
Batting: RHB Bill Murray
|
0-0: Called Strike 0-1: Ball 1-1: SINGLE (Groundball, 25, EV 69.4 MPH) (infield hit) Danny Eberhart to second
|
|
Batting: RHB Chris Pounds
|
0-0: Foul Ball, location: 2F Balk! Väinö Tapaninen scores Danny Eberhart to third Bill Murray to second 0-1: Ball 1-1: Foul Ball, location: 2F 1-2: Strikes out swinging
|
|
Batting: RHB Zhi-bin Ou-yang
|
0-0: Ball 1-0: Called Strike 1-1: Ball 2-1: Ball 3-1: Fly out, F8 (Flyball, 8RM, EV 95.0 MPH) Runner from 3rd tags up, SCORES, throw by CF
|
|
Batting: LHB Isto Mäyrä
|
0-0: Ball 1-0: Ball 2-0: Ball 3-0: Base on Balls
|
|
Batting: RHB Bobby Lasaguna
|
0-0: Called Strike 0-1: Swinging Strike 0-2: Ball 1-2: Foul Ball, location: 2F 1-2: Fly out, F8 (Flyball, 8LS, EV 83.1 MPH)
|
| Bottom of the 4th over - 2 runs, 3 hits, 0 errors, 2 left on base; Scranton WB 0 - Buffalo 2 |
| TOP OF THE 5TH |
|
Scranton WB RailRiders batting - Pitching for Buffalo Bisons : RHP Edward Saunders
|
|
Batting: RHB Mike Gifford
|
0-0: Foul Ball, location: 2F 0-1: Ball 1-1: Ground out 3-1 (Groundball, 34S, EV 80.0 MPH)
|
|
Batting: SHB Jose Vargas
|
0-0: Swinging Strike 0-1: Ball 1-1: Ball 2-1: Foul Ball, location: 2F 2-2: Ball 3-2: Strikes out swinging
|
|
Batting: RHB Mike Plugge
|
0-0: Ball 1-0: Ball 2-0: Called Strike 2-1: Swinging Strike 2-2: Strikes out swinging
|
| Top of the 5th over - 0 runs, 0 hits, 0 errors, 0 left on base; Scranton WB 0 - Buffalo 2 |
| BOTTOM OF THE 5TH |
|
Buffalo Bisons batting - Pitching for Scranton WB RailRiders : LHP Omar Quinones
|
|
Batting: LHB Jack Bell
|
0-0: Ball 1-0: Foul Ball, location: 2F 1-1: Foul Ball, location: 2F 1-2: Foul Ball, location: 2F 1-2: Ball 2-2: Foul Ball, location: 2F 2-2: Foul Ball, location: 2F 2-2: Ball 3-2: Foul Ball, location: 2F 3-2: Foul Ball, location: 2F 3-2: Base on Balls
|
|
Batting: RHB Jamie Ogilvie
|
0-0: DOUBLE (Line Drive, 89M, EV 100.6 MPH) Jack Bell to third
|
|
Batting: RHB Väinö Tapaninen
|
0-0: Swinging Strike 0-1: Ball 1-1: Ball 2-1: Foul Ball, location: 2F 2-2: Foul Ball, location: 2F 2-2: Ball 3-2: Foul Ball, location: 2F 3-2: Foul Ball, location: 2F 3-2: Fly out, F9 (Line Drive, 89D, EV 95.6 MPH) Runner from 3rd tags up, SCORES, no throw by RF
|
|
Pitching: RHP Whitney Batten
|
|
|
Batting: RHB Danny Eberhart
|
0-0: Foul Ball, location: 2F 0-1: Foul Ball, location: 2F 0-2: Hit by Pitch
|
|
Batting: RHB Bill Murray
|
0-0: Ball 1-0: Swinging Strike 1-1: Ball 2-1: Ball 3-1: Foul Ball, location: 2F 3-2: Fly out, F6 (Popup, 4M, EV 61.9 MPH)
|
|
Batting: RHB Chris Pounds
|
0-0: Ball 1-0: SINGLE (Groundball, 34D, EV 107.5 MPH) Jamie Ogilvie to third Danny Eberhart to second Runner from 3rd tries for Home, SAFE, throw by RF to home
|
|
Batting: RHB Zhi-bin Ou-yang
|
0-0: Ball 1-0: Called Strike 1-1: Called Strike 1-2: SINGLE (Groundball, 34D, EV 103.1 MPH) Danny Eberhart to third Chris Pounds to second Runner from 3rd tries for Home, SAFE, throw by RF to home
|
|
Batting: LHB Isto Mäyrä
|
0-0: Ball 1-0: 3-RUN HOME RUN (Line Drive, 9D, EV 101.2 MPH), Distance : 392 ft
|
|
Pitching: RHP Ray Richards
|
|
|
Batting: RHB Bobby Lasaguna
|
0-0: Ball 1-0: Foul Ball, location: 2F 1-1: Ball 2-1: Ball 3-1: Base on Balls
|
|
Batting: LHB Jack Bell
|
0-0: Ball 1-0: Foul Ball, location: 2F 1-1: Ball Bobby Lasaguna steals 2nd base 2-1: Fly out, F7 (Flyball, 7, EV 89.4 MPH)
|
| Bottom of the 5th over - 6 runs, 4 hits, 0 errors, 1 left on base; Scranton WB 0 - Buffalo 8 |
| TOP OF THE 6TH |
|
Scranton WB RailRiders batting - Pitching for Buffalo Bisons : RHP Edward Saunders
|
|
Batting: RHB Devon Utley
|
0-0: Ball 1-0: Ground out 5-3 (Groundball, 56, EV 106.2 MPH)
|
|
Batting: SHB Jay Gagnon
|
0-0: Called Strike 0-1: Ground out 5-3 (Groundball, 56, EV 103.1 MPH)
|
|
Batting: SHB Victor Ruiz
|
0-0: Ball 1-0: Ball 2-0: Ball 3-0: Base on Balls
|
|
Batting: SHB Ryan Buchbinder
|
0-0: Called Strike 0-1: Foul Ball, location: 2F 0-2: Ball 1-2: Fly out, F7 (Flyball, 7LM, EV 82.5 MPH)
|
| Top of the 6th over - 0 runs, 0 hits, 0 errors, 1 left on base; Scranton WB 0 - Buffalo 8 |
| BOTTOM OF THE 6TH |
|
Buffalo Bisons batting - Pitching for Scranton WB RailRiders : RHP Ray Richards
|
|
Batting: RHB Jamie Ogilvie
|
0-0: Ball 1-0: Fly out, F8 (Flyball, 8LM, EV 96.2 MPH)
|
|
Batting: RHB Väinö Tapaninen
|
0-0: Ball 1-0: Ball 2-0: Ball 3-0: Base on Balls
|
|
Batting: RHB Danny Eberhart
|
0-0: Called Strike 0-1: Foul Ball, location: 2F 0-2: Ball 1-2: Ball 2-2: Fly out, F8 (Flyball, 8RD, EV 93.1 MPH)
|
|
Batting: RHB Bill Murray
|
0-0: Foul Ball, location: 2F 0-1: Ball 1-1: Ball 2-1: Swinging Strike 2-2: Strikes out swinging
|
| Bottom of the 6th over - 0 runs, 0 hits, 0 errors, 1 left on base; Scranton WB 0 - Buffalo 8 |
| TOP OF THE 7TH |
|
Scranton WB RailRiders batting - Pitching for Buffalo Bisons : RHP Edward Saunders
|
|
Batting: RHB Eric Davis
|
0-0: Called Strike 0-1: Ball 1-1: Swinging Strike 1-2: Ball 2-2: Ball 3-2: Base on Balls
|
|
Batting: LHB Aaron Joyner
|
0-0: Foul Ball, location: 2F 0-1: Ball 1-1: Ball 2-1: Ground out 4-3 (Groundball, 34D, EV 106.2 MPH) Eric Davis to second
|
|
Batting: RHB Mike Gifford
|
0-0: Ball 1-0: Called Strike 1-1: Ball 2-1: Ground out U3 (Groundball, 34, EV 90.6 MPH) Eric Davis to third
|
|
Batting: SHB Jose Vargas
|
0-0: Ball 1-0: Foul Ball, location: 2F 1-1: Ball 2-1: Ground out 1-3 (Groundball, 15S, EV 66.9 MPH)
|
| Top of the 7th over - 0 runs, 0 hits, 0 errors, 1 left on base; Scranton WB 0 - Buffalo 8 |
| BOTTOM OF THE 7TH |
|
Buffalo Bisons batting - Pitching for Scranton WB RailRiders : RHP Ray Richards
|
|
Batting: RHB Chris Pounds
|
0-0: Ball 1-0: Foul Ball, location: 2F 1-1: Ball 2-1: Ball 3-1: Foul Ball, location: 2F 3-2: Foul Ball, location: 2F 3-2: Ground out 4-3 (Groundball, 4, EV 106.2 MPH)
|
|
Pinch Hitting: RHB Bryan Peterson
|
0-0: Ball 1-0: Swinging Strike 1-1: Ground out 5-3 (Groundball, 5, EV 87.5 MPH)
|
|
Batting: LHB Isto Mäyrä
|
0-0: Ball 1-0: Called Strike 1-1: Ball 2-1: Fly out, F8 (Flyball, 8LM, EV 94.4 MPH)
|
| Bottom of the 7th over - 0 runs, 0 hits, 0 errors, 0 left on base; Scranton WB 0 - Buffalo 8 |
| TOP OF THE 8TH |
|
Scranton WB RailRiders batting - Pitching for Buffalo Bisons : RHP Edward Saunders
|
|
Pitching: RHP Art Nobles
|
|
|
Now at 2B: Jamie Ogilvie
|
|
|
Now at 3B: Gregg Whitecotton
|
|
|
Batting: RHB Mike Plugge
|
0-0: Called Strike 0-1: Foul Ball, location: 2F 0-2: Ball 1-2: Ground out 6-3 (Groundball, 6, EV 93.1 MPH)
|
|
Batting: RHB Devon Utley
|
0-0: Foul Ball, location: 2F 0-1: Ground out 6-3 (Groundball, 6, EV 110.0 MPH)
|
|
Pinch Hitting: SHB Joe Fure
|
0-0: Called Strike 0-1: Called Strike 0-2: Ball 1-2: Ball 2-2: Ground out 4-3 (Groundball, 4, EV 106.2 MPH)
|
| Top of the 8th over - 0 runs, 0 hits, 0 errors, 0 left on base; Scranton WB 0 - Buffalo 8 |
| BOTTOM OF THE 8TH |
|
Buffalo Bisons batting - Pitching for Scranton WB RailRiders : RHP Ray Richards
|
|
Now in CF: Joe Fure
|
|
|
Batting: RHB Bobby Lasaguna
|
0-0: Ball 1-0: Swinging Strike 1-1: Swinging Strike 1-2: Strikes out swinging
|
|
Batting: LHB Jack Bell
|
0-0: Ball 1-0: Ball 2-0: Ball 3-0: Base on Balls
|
|
Pitching: RHP Jim Milch
|
|
|
Batting: RHB Jamie Ogilvie
|
0-0: Called Strike 0-1: Ball 1-1: Fielders Choice at 2nd, 4-6 (Groundball, 4M, EV 89.4 MPH)
|
|
Batting: RHB Väinö Tapaninen
|
0-0: Called Strike 0-1: Called Strike 0-2: Foul Ball, location: 2F 0-2: Ball 1-2: Strikes out looking
|
| Bottom of the 8th over - 0 runs, 0 hits, 0 errors, 1 left on base; Scranton WB 0 - Buffalo 8 |
| TOP OF THE 9TH |
|
Scranton WB RailRiders batting - Pitching for Buffalo Bisons : RHP Art Nobles
|
|
Batting: SHB Victor Ruiz
|
0-0: Ball 1-0: SINGLE (Groundball, 6MD, EV 107.5 MPH)
|
|
Batting: SHB Ryan Buchbinder
|
0-0: Ball 1-0: Called Strike 1-1: Fielders Choice at 2nd, 6-4 (Groundball, 56, EV 98.1 MPH)
|
|
Batting: RHB Eric Davis
|
0-0: Ball 1-0: Ball 2-0: Fly out, F9 (Flyball, 89M, EV 81.9 MPH)
|
|
Batting: LHB Aaron Joyner
|
0-0: Ball 1-0: Ball 2-0: Called Strike 2-1: Swinging Strike 2-2: Foul Ball, location: 2F 2-2: Strikes out swinging
|
| Top of the 9th over - 0 runs, 1 hit, 0 errors, 1 left on base; Scranton WB 0 - Buffalo 8 |
|